 Dungeon Crawl Stone Soup version 0.22-a0-815-gb582571 (webtiles) character file.

97621 iamserjio the Unseen (level 15, -14/80 HPs)
             Began as a Spriggan Monk on July 23, 2018.
             Was the Champion of Yredelemnul.
             Killed from afar by a deep elf annihilator (35 damage)
             ... with a bolt of lightning
             ... on level 3 of the Elven Halls.
             The game lasted 02:36:55 (16171 turns).

iamserjio the Unseen (Spriggan Monk)               Turns: 16171, Time: 02:36:56

Health: -14/80     AC:  8    Str:  7    XL:     15   Next: 72%
Magic:  27/31      EV: 38    Int: 16    God:    Yredelemnul [******]
Gold:   21         SH:  4    Dex: 21    Spells: 26/36 levels left

rFire    . . .     SeeInvis +   i - +10 dagger (venom)
rCold    . . .     Gourm    .   (shield restricted)
rNeg     . . .     Faith    .   V - +1 troll leather armour
rPois    .         Spirit   .   (helmet restricted)
rElec    .         Reflect  +   O - +2 cloak
rCorr    .         Harm     .   (gloves unavailable)
MR       ++...                  (boots unavailable)
Stlth    ++++++++..             Z - +4 amulet of reflection
HPRegen  0.63/turn              n - +2 ring of slaying
MPRegen  0.22/turn              R - +6 ring of evasion

@: lethally poisoned (-14 -> -14), very quick
A: very small, unfitting armour, see invisible, herbivore, speed 3, slow
metabolism 2
a: Recall Undead Slaves, Injury Mirror, Animate Dead, Drain Life, Enslave Soul,
Renounce Religion


You were on level 3 of the Elven Halls.
You worshipped Yredelemnul.
Yredelemnul was exalted by your worship.
You were hungry.

You visited 5 branches of the dungeon, and saw 24 of its levels.
You also visited: Ice Cave and Volcano.

You collected 2273 gold pieces.
You spent 2252 gold pieces at shops.

Inventory:

Hand Weapons
 a - a +1 dagger of electrocution
 i - a +10 dagger of venom (weapon)
 z - a +6 dagger
 B - a +4 dagger of chaos
 D - a +5 dagger
 G - a cursed -2 long sword
 N - a cursed -3 rapier
Missiles
 e - 256 arrows
 I - 4 throwing nets (quivered) {!f}
Armour
 s - a +0 buckler
 O - a +2 cloak (worn)
 V - a +1 troll leather armour (worn)
Jewellery
 n - a +2 ring of slaying (left hand)
 w - the ring of Ziuros {rElec rC+ SInv Stlth-}
   (You found it on level 6 of the Lair of Beasts)

   [ring of attention]

   It protects you from cold.
   It insulates you from electricity.
   It lets you see invisible.
   It makes you less stealthy.
 R - a +6 ring of evasion (right hand)
 S - a cursed ring of teleportation {unknown}
 Z - a +4 amulet of reflection (around neck)
Wands
 u - a wand of paralysis (2)
 E - a wand of acid (9)
 Q - a wand of disintegration (19)
Scrolls
 b - 2 scrolls of fear
 j - 18 scrolls of remove curse {@r2}
 k - a scroll of holy word {unknown}
 l - 9 scrolls of teleportation
 m - 4 scrolls of blinking
 o - 9 scrolls of amnesia
 y - a scroll of noise {unknown}
 A - a scroll of torment {unknown}
 C - 4 scrolls of fog
 F - 6 scrolls of magic mapping
 H - a scroll of brand weapon
 J - 2 scrolls of enchant weapon
 P - a scroll of silence {unknown}
 T - 3 scrolls of vulnerability
 Y - a scroll of immolation
Potions
 d - 9 potions of curing {@q1}
 f - a potion of mutation {unknown}
 g - 2 potions of cancellation {unknown}
 h - 4 potions of heal wounds
 p - 5 potions of berserk rage
 r - 2 potions of ambrosia {unknown}
 t - 3 potions of resistance
 v - a potion of haste {unknown}
 x - 3 potions of might {unknown}
 K - 4 potions of brilliance
 L - 4 potions of flight {unknown}
 M - a potion of experience {unknown}
Miscellaneous
 q - a lamp of fire
 W - a box of beasts
Comestibles
 c - 30 rations


   Skills:
 + Level 9.9 Fighting
 - Level 10.0 Short Blades
 + Level 15.7 Dodging
 + Level 20.7 Stealth
 + Level 11.3 Spellcasting
 - Level 8.0 Hexes
 - Level 2.0 Necromancy
 - Level 3.1 Translocations
 - Level 2.0 Transmutations
 - Level 10.3 Invocations
 - Level 8.4 Evocations


You had 26 spell levels left.
You knew the following spells:

 Your Spells              Type           Power        Failure   Level  Hunger
a - Sticks to Snakes      Tmut           ###.....     8%          2    None
b - Blink                 Tloc           N/A          4%          2    None
c - Animate Skeleton      Necr           N/A          5%          1    None
d - Apportation           Tloc           ###...       3%          1    None
e - Summon Butterflies    Summ           #.......     12%         1    None
f - Confuse               Hex            ####....     1%          3    None

Your spell library contained the following spells:

 Spells                   Type           Power        Failure   Level  Hunger
 Magic Dart               Conj           #...         12%         1    None
 Fireball                 Conj/Fire      #.........   98%         5    #####..
 Conjure Flame            Conj/Fire      #.......     36%         3    None
 Bolt of Fire             Conj/Fire      #.........   100%        6    ######.
 Slow                     Hex            ####....     1%          2    None
 Throw Frost              Conj/Ice       #.....       19%         2    None
 Mephitic Cloud           Conj/Pois/Air  #.......     36%         3    None
 Ring of Flames           Chrm/Fire      #.........   100%        7    #######
 Summon Small Mammal      Summ           #...         12%         1    None
 Summon Horrible Things   Summ           #.........   100%        8    #######
 Freeze                   Ice            #...         12%         1    None
 Summon Ice Beast         Ice/Summ       #.......     77%         4    ###....
 Ozocubu's Armour         Chrm/Ice       #.......     36%         3    None
 Call Imp                 Summ           #.......     19%         2    None
 Tukima's Dance           Hex            ####....     1%          3    None
 Summon Demon             Summ           #.........   98%         5    #####..
 Summon Greater Demon     Summ           #.........   100%        7    #######
 Corpse Rot               Necr           N/A          9%          2    None
 Stone Arrow              Conj/Erth      #.....       36%         3    None
 Recall                   Summ/Tloc      N/A          19%         3    None
 Spider Form              Tmut/Pois      ##........   24%         3    None
 Blade Hands              Tmut           ###.......   82%         5    #####..
 Statue Form              Tmut/Erth      ##.......    100%        6    ######.
 Ice Form                 Ice/Tmut       ##......     61%         4    ###....
 Dragon Form              Tmut           ###.......   100%        7    #######
 Throw Icicle             Conj/Ice       #.......     77%         4    ###....
 Shadow Creatures         Summ           N/A          100%        6    ######.
 Confusing Touch          Hex            ####..       1%          1    None
 Ignite Poison            Fire/Tmut/Pois ##......     26%         3    None
 Call Canine Familiar     Summ           #.......     36%         3    None
 Ensorcelled Hibernation  Hex/Ice        ###...       3%          2    None
 Corona                   Hex            ####...      1%          1    None
 Monstrous Menagerie      Summ           #.........   100%        7    #######
 Malign Gateway           Summ/Tloc      ##........   100%        7    #######
 Leda's Liquefaction      Hex/Erth       ###.......   24%         4    ###....
 Summon Hydra             Summ           #.........   100%        7    #######
 Aura of Abjuration       Summ           #.........   98%         5    #####..
 Beastly Appendage        Tmut           ###...       5%          1    None
 Dazzling Spray           Conj/Hex       ###...       7%          3    None
 Summon Forest            Summ/Tloc      ##........   87%         5    #####..
 Summon Mana Viper        Hex/Summ       ###.....     54%         5    #####..
 Hydra Form               Tmut           ###.......   100%        6    ######.
 Irradiate                Conj/Tmut      ##........   91%         5    #####..
 Ignition                 Fire           #.........   100%        8    #######


Dungeon Overview and Level Annotations

Branches:
Dungeon (12/15)            Temple (1/1) D:7            Lair (6/6) D:9
  Swamp (0/4) Lair:3        Snake (0/4) Lair:3        Slime (0/5) Lair:5
    Orc (2/2) D:11            Elf (3/3) Orc:2

Altars:
Ashenzari
Cheibriados
Dithmenos
Elyvilon
Fedhas
Gozag
Hepliaklqana
Kikubaaqudgha
Makhleb
Nemelex Xobeh
Okawaru
Qazlal
Ru
Sif Muna
Trog
Uskayaw
Vehumet
Wu Jian
Xom
Yredelemnul
Zin
The Shining One

Shops:
D:4 ((=   D:6 *   Orc:2 ?:=(   Elf:2 }   Elf:3 =**[[

Annotations:
D:8 Squonk's ghost, novice HuFE
Lair:5 exclusion: 2 oklob plants


Innate Abilities, Weirdness & Mutations

You are very small and have problems with some larger weapons.
You are too small for most types of armour.
You have supernaturally acute eyesight. (SInv)
You are a herbivore.
You cover ground extremely quickly.
You need to consume almost no food.


Message History

The deep elf annihilator is lightly wounded.
You puncture the deep elf annihilator!
The deep elf annihilator looks as sick as possible!
The deep elf annihilator is moderately wounded.
The deep elf annihilator hits you but does no damage.
You puncture the deep elf annihilator!
The deep elf annihilator is heavily wounded.
You puncture the deep elf annihilator!
The deep elf annihilator looks as sick as possible!
The deep elf annihilator is severely wounded.
You feel sick.
Your vampire hits the deep elf annihilator!
Your vampire bites the deep elf annihilator.
Your vampire draws strength from the deep elf annihilator's injuries!
The deep elf annihilator casts a spell at you.
The bolt of lightning hits you!
* * * LOW HITPOINT WARNING * * *
The bolt of lightning hits you!
You die...
Your body rises from the dead as a mindless zombie.

#...e.......# #...........#
###.......### ##.....## ###.###
#)# ######### #.# #.......###e#
#.......##V@#
#####....ZZZ###########
##⌠.⌠##....%## #Z......#
##)....##.....# #.......#
##)......##(.(.####.....########
##.WV###.....).'.).'#.#..'......'
#⌠.⌠##.##⌠.⌠()..###..∩.V#########
##'##...#..(....# ###.#.# #
#........(..#### #.#..## ##


You could see a deep elf annihilator, a friendly vampire, a friendly deep elf
annihilator zombie, a friendly deep elf master archer zombie and a friendly deep
elf mage skeleton.

Vanquished Creatures
  A deep elf sorcerer (Elf:3)
  A deep elf elementalist (Elf:3)
  A deep elf demonologist (Elf:3)
  4 deep elf annihilators (Elf:3)
  The ghost of twist the Unseen, a journeyman SpEn of Gozag (Orc:2)
  A deep elf death mage (Elf:3)
  A deep elf high priest (Elf:3)
  Harold (Lair:2)
  An ice dragon (Lair:5)
  3 hydras
  Fannar (Orc:1)
  A centaur warrior (D:12)
  5 dancing weapons
  2 catoblepae (Lair:6)
  6 two-headed ogres
  An ogre mage (Volcano)
  3 orc high priests
  2 death yaks (Lair:6)
  3 deep elf knights (Elf:2)
  Sonja (Lair:3)
  Nergalle (Lair:2)
  A hell knight (Volcano)
  4 unseen horrors
  2 deep elf archers
  Pikel (D:9)
  A wolf spider zombie (D:12)
  2 orc knights (Orc:2)
  18 deep elf magi
  2 oklob plants (Lair:5)
  3 ugly things (D:12)
  2 elephants (Lair:5)
  Maurice (Orc:1)
  Psyche (D:8)
  A torpor snail (Lair:6)
  3 rime drakes
  4 spiny frogs
  2 komodo dragons (Lair:6)
  4 trolls
  A queen bee (Lair:2)
  A tyrant leech (Lair:3)
  3 polar bears
  A blink frog (Lair:2)
  6 hippogriffs
  3 dream sheep (Lair:6)
  An air elemental (Elf:2)
  A flying skull (Lair:2)
  A tarantella (shapeshifter) (Elf:3)
  3 wyverns (D:10)
  27 yaks
  2 fire elementals
  4 basilisks
  A water elemental (Elf:2)
  2 wargs (Orc:1)
  2 steam dragons
  A vampire mosquito (D:9)
  Menkaure (D:7)
  A hungry ghost (D:9)
  A soldier ant (shapeshifter) (Elf:3)
  9 water moccasins
  A hornet zombie (D:9)
  12 orc warriors
  5 porcupines
  5 sky beasts
  2 slaves (D:9)
  3 ice beasts
  4 phantoms
  2 wolves
  5 necrophages
  6 ogres
  11 crocodiles
  2 centaurs
  13 bullfrogs
  2 earth elementals
  A scorpion (D:11)
  29 killer bees
  5 wights
  An electric eel (Lair:6)
  2 howler monkeys
  3 crimson imps
  5 jellies
  A bullfrog zombie (D:11)
  12 orc wizards
  9 hounds
  20 orc priests
  Crazy Yiuf (D:7)
  A bullfrog skeleton (D:10)
  5 iguanas
  2 centaur skeletons
  7 worker ants
  A killer bee zombie (Lair:2)
  A mummy (D:11)
  9 adders
  3 shadow imps
  An ooze (Lair:5)
  An adder zombie (D:7)
  4 worms
  5 leopard geckos
  49 orcs
  A ball python (D:3)
  6 bats
  2 giant cockroaches
  3 goblins
  9 hobgoblins
  9 jackals
  5 quokkas
  A ball python skeleton (D:5)
  7 frilled lizards
  3 kobolds
  A leopard gecko skeleton (D:4)
  5 rats
  A butterfly (Lair:4)
469 creatures vanquished.

Vanquished Creatures (collateral kills)
  2 deep elf master archers (Elf:3)
  A deep elf sorcerer (Elf:3)
  2 deep elf elementalists (Elf:3)
  The ghost of MordorOrchid the Fighter, a journeyman DrEE of Sif Muna (Lair:2)
  A deep elf demonologist (Elf:3)
  A deep elf annihilator (Elf:3)
  A deep elf death mage (Elf:3)
  A deep elf high priest (Elf:1)
  A catoblepas (Lair:6)
  2 hydras
  7 dancing weapons
  6 death yaks (Lair:6)
  A tengu warrior (D:12)
  3 orc high priests
  3 deep elf knights
  An unseen horror (D:12)
  A lindwurm (Lair:4)
  7 deep elf archers
  3 orc knights (Orc:1)
  An orc sorcerer (Orc:2)
  15 deep elf magi
  An ugly thing (D:9)
  A black mamba (Lair:6)
  2 manticores (Lair:6)
  3 elephants
  2 centaur zombies (D:11)
  3 spiny frogs
  A centaur skeleton (D:12)
  4 komodo dragons
  A queen bee (D:10)
  A troll (Elf:2)
  A tyrant leech (Lair:3)
  3 polar bears
  A meliai (shapeshifter) (Elf:2)
  Prince Ribbit (Lair:2)
  A dream sheep (Lair:6)
  6 blink frogs (Lair:2)
  4 hippogriffs
  2 wyverns
  2 fire elementals (Elf:2)
  2 basilisks
  29 yaks
  A warg (Orc:2)
  2 water moccasins
  A porcupine (Lair:2)
  18 orc warriors
  3 necrophages (D:11)
  6 wolves
  A centaur (D:12)
  6 crocodiles
  3 bullfrogs
  A wyvern zombie (D:11)
  3 earth elementals
  18 killer bees
  3 wights (D:11)
  An electric eel (Lair:1)
  A crimson imp (D:12)
  10 orc priests
  A hell rat (Lair:2)
  3 orc wizards
  A worker ant (D:11)
  2 worker ant zombies (D:11)
  An adder (D:11)
  An ooze (Lair:5)
  22 orcs
  2 butterflies
  6 fungi
  5 plants
254 creatures vanquished.

Vanquished Creatures (others)
  2 skeletal warriors (Elf:3)
  A flayed ghost (Elf:3)
  4 phantasmal warriors
  3 elf zombies (Elf:3)
  15 flying skulls
  2 vampires (Elf:3)
  A porcupine (Lair:5)
  2 slaves (D:9)
  A yak zombie (Lair:6)
  3 wights
  2 killer bee zombies (Lair:2)
  A jackal (D:9)
  10 orc skeletons (Orc:2)
  9 orc zombies
  A fungus (Lair:6)
  15 plants
72 creatures vanquished.

Grand Total: 795 creatures vanquished

Notes
Turn   | Place    | Note
-------+----------+-------------------------------------------
     0 | D:1      | iamserjio the Spriggan Monk began the quest for the Orb.
     0 | D:1      | Reached XP level 1. HP: 11/11 MP: 2/2
   149 | D:1      | Reached XP level 2. HP: 16/16 MP: 3/3
   330 | D:1      | Reached skill level 4 in Stealth
   486 | D:2      | Reached XP level 3. HP: 16/19 MP: 4/4
   727 | D:3      | Reached skill level 5 in Dodging
   752 | D:3      | Reached skill level 5 in Stealth
   813 | D:3      | Found a faded altar of an unknown god.
  1023 | D:3      | Reached XP level 4. HP: 13/23 MP: 5/5
  1128 | D:4      | Found a white marble altar of Elyvilon.
  1352 | D:4      | Found Japenif's Weapon Boutique.
  1358 | D:4      | Bought 10 poisoned needles for 56 gold pieces
  1403 | D:4      | Noticed a phantom
  1432 | D:4      | Killed a phantom
  1432 | D:4      | Reached skill level 6 in Stealth
  1432 | D:4      | Reached XP level 5. HP: 20/27 MP: 6/6
  1503 | D:4      | Reached skill level 7 in Stealth
  1589 | D:4      | Noticed a steam dragon
  1589 | D:4      | an orc priest changed into a steam dragon
  1639 | D:4      | Found Lifodugg's Jewellery Shoppe.
  1694 | D:4      | Found Jaukeih's Antique Weapon Boutique.
  1785 | D:5      | Entered Level 5 of the Dungeon
  1859 | D:5      | Learned a level 2 spell: Sticks to Snakes
  1862 | D:5      | Learned a level 2 spell: Blink
  1913 | D:5      | Reached XP level 6. HP: 26/32 MP: 7/7
  1962 | D:5      | Reached skill level 8 in Stealth
  2030 | D:5      | Reached skill level 1 in Spellcasting
  2030 | D:5      | Reached skill level 1 in Transmutations
  2556 | D:6      | Reached XP level 7. HP: 18/35 MP: 10/10
  2581 | D:6      | Found Tinnuf's General Store.
  2589 | D:6      | Bought a wand of random effects (21) for 149 gold pieces
  2743 | D:6      | Reached skill level 9 in Stealth
  2781 | D:7      | Found a runed door.
  2785 | D:7      | Noticed Crazy Yiuf
  2792 | D:7      | Killed Crazy Yiuf
  2817 | D:7      | Noticed a hippogriff
  2903 | D:7      | Noticed Menkaure
  2906 | D:7      | Killed Menkaure
  2906 | D:7      | Reached skill level 5 in Short Blades
  3018 | D:7      | Reached skill level 10 in Stealth
  3047 | D:6      | Reached XP level 8. HP: 25/39 MP: 12/14
  3175 | D:6      | Learned a level 1 spell: Animate Skeleton
  3177 | D:6      | Learned a level 1 spell: Apportation
  3249 | D:6      | Found a glowing golden altar of the Shining One.
  3436 | D:7      | Killed a hippogriff
  3436 | D:7      | Reached skill level 11 in Stealth
  3436 | D:7      | Reached skill level 1 in Evocations
  3666 | D:7      | Found a staircase to the Ecumenical Temple.
  4327 | Temple   | Entered the Ecumenical Temple
  4615 | Temple   | Became a worshipper of Yredelemnul the Dark
  4615 | Temple   | Reached * piety under Yredelemnul
  4615 | Temple   | Reached ** piety under Yredelemnul
  4794 | D:8      | Reached skill level 1 in Necromancy
  4817 | D:8      | Reached XP level 9. HP: 18/44 MP: 16/16
  4893 | D:8      | Noticed Psyche
  4895 | D:8      | Noticed an unseen horror
  4903 | D:8      | Killed Psyche
  4905 | D:8      | HP: 1/44 [unseen horror (7)]
  4909 | D:8      | Killed an unseen horror
  4909 | D:8      | Reached skill level 12 in Stealth
  4909 | D:8      | Reached skill level 5 in Spellcasting
  5032 | D:8      | Found a runed gate.
  5032 | D:8      | Found a runed gate.
  5205 | D:8      | Reached skill level 5 in Evocations
  5641 | D:9      | Reached XP level 10. HP: 32/49 MP: 19/19
  5687 | D:9      | Reached skill level 13 in Stealth
  5706 | D:9      | Noticed an unseen horror
  5758 | D:8      | HP: 2/49 [killer bee (6)]
  5762 | D:8      | Reached *** piety under Yredelemnul
  5796 | D:8      | Found a runed gate.
  5800 | D:8      | Found an opulent altar of Gozag.
  5800 | D:8      | Noticed Squonk's ghost (novice HuFE)
  5885 | D:9      | Noticed Pikel
  5889 | D:9      | Noticed a cyclops
  5906 | D:9      | Killed Pikel
  5940 | D:9      | Noticed a green ugly thing
  5961 | D:9      | Killed an unseen horror
  5992 | D:9      | Found a staircase to the Lair.
  6081 | D:9      | Noticed a two-headed ogre
  6101 | D:9      | Killed a two-headed ogre
  6101 | D:9      | Reached skill level 14 in Stealth
  6368 | D:10     | Entered Level 10 of the Dungeon
  6499 | D:10     | Noticed a two-headed ogre
  6541 | D:10     | Killed a two-headed ogre
  6541 | D:10     | Reached XP level 11. HP: 22/54 MP: 22/22
  6646 | D:10     | Noticed a two-headed ogre
  6861 | D:11     | Reached skill level 15 in Stealth
  6904 | D:11     | Received a gift from Yredelemnul (5 flying skulls)
  6933 | D:11     | Reached skill level 1 in Translocations
  6959 | D:11     | Noticed an unseen horror
  6995 | D:11     | Killed an unseen horror
  6995 | D:11     | Reached skill level 5 in Fighting
  7024 | D:11     | Reached **** piety under Yredelemnul
  7396 | D:11     | Reached skill level 16 in Stealth
  7429 | D:12     | Noticed a red ugly thing
  7438 | D:12     | Killed a red ugly thing
  7439 | D:12     | Noticed an unseen horror
  7441 | D:12     | Reached skill level 1 in Invocations
  7446 | D:12     | Killed an unseen horror
  7482 | D:12     | Noticed an unseen horror
  7528 | D:12     | Killed an unseen horror
  7586 | D:12     | Found a burning altar of Makhleb.
  7657 | D:12     | Noticed a tengu warrior
  7676 | D:12     | Killed a tengu warrior
  7784 | D:12     | Noticed a white ugly thing
  7791 | D:12     | Killed a white ugly thing
  7791 | D:12     | Reached skill level 10 in Dodging
  7805 | D:12     | Reached ***** piety under Yredelemnul
  7813 | D:12     | Noticed a centaur warrior
  7816 | D:12     | Killed a centaur warrior
  7949 | D:12     | Noticed a purple ugly thing
  7962 | D:12     | Killed a purple ugly thing
  7963 | D:12     | Reached XP level 12. HP: 32/59 MP: 25/25
  8102 | Lair:1   | Entered Level 1 of the Lair of Beasts
  8149 | Lair:1   | Reached skill level 17 in Stealth
  8180 | Lair:1   | Received a gift from Yredelemnul (a wight)
  8326 | Lair:1   | Received a gift from Yredelemnul (4 flying skulls)
  8405 | Lair:2   | Noticed Nergalle
  8409 | Lair:2   | Killed Nergalle
  8417 | Lair:2   | Reached skill level 5 in Invocations
  8483 | Lair:2   | Found a runed door.
  8483 | Lair:2   | Noticed MordorOrchid's ghost (journeyman DrEE)
  8728 | Lair:2   | Received a gift from Yredelemnul (3 flying skulls)
  8902 | Lair:2   | Noticed Prince Ribbit
  8912 | Lair:2   | Killed Prince Ribbit
  9000 | Lair:1   | You fall through a shaft!
  9116 | Lair:3   | Noticed Sonja
  9123 | Lair:3   | Killed Sonja
  9149 | Lair:3   | Found a staircase to the Swamp.
  9213 | Lair:2   | Noticed Harold
  9216 | Lair:2   | Killed Harold
  9298 | Lair:3   | Found a staircase to the Snake Pit.
  9311 | Lair:3   | Received a gift from Yredelemnul (a vampire)
  9507 | Lair:4   | Noticed a seven-headed hydra
  9515 | Lair:4   | Killed a seven-headed hydra
  9585 | Lair:4   | Reached XP level 13. HP: 31/66 MP: 26/26
  9623 | Lair:4   | Learned a level 1 spell: Summon Butterflies
 10075 | Lair:5   | Reached skill level 10 in Short Blades
 10100 | Lair:5   | Reached skill level 18 in Stealth
 10185 | Lair:5   | Received a gift from Yredelemnul (a wight)
 10198 | Lair:5   | Found a frozen archway.
 10378 | IceCv    | Entered an ice cave
 10439 | Lair:5   | Found a staircase to the Slime Pits.
 10532 | Lair:6   | Entered Level 6 of the Lair of Beasts
 10765 | Lair:6   | Reached ****** piety under Yredelemnul
 10925 | Lair:6   | Received a gift from Yredelemnul (a phantasmal warrior)
 11062 | Lair:6   | Found a dark tunnel.
 11070 | Volcano  | Entered a volcano
 11178 | Volcano  | Reached skill level 10 in Invocations
 11286 | Lair:6   | Learned a level 3 spell: Confuse
 11385 | Lair:6   | Reached skill level 1 in Hexes
 11385 | Lair:6   | Reached XP level 14. HP: 48/72 MP: 27/27
 11465 | Lair:6   | Reached skill level 19 in Stealth
 11602 | Lair:6   | Got a sparkling iron ring
 11745 | Lair:5   | Identified the ring of Ziuros {rElec rC+ SInv Stlth-} (You found it on level 6 of the Lair of Beasts)
 12073 | Lair:2   | Killed MordorOrchid's ghost
 12770 | D:11     | Found a staircase to the Orcish Mines.
 12790 | Orc:1    | Entered Level 1 of the Orcish Mines
 12800 | Orc:1    | Received a gift from Yredelemnul (a wight)
 12941 | Orc:2    | Entered Level 2 of the Orcish Mines
 12941 | Orc:2    | Found a staircase to the Elven Halls.
 12941 | Orc:2    | Found a bloodstained altar of Trog.
 12941 | Orc:2    | Found a runed gate.
 12941 | Orc:2    | Found a runed gate.
 12941 | Orc:2    | Found a runed gate.
 12941 | Orc:2    | Noticed twist's ghost (journeyman SpEn)
 13015 | Orc:1    | Noticed Fannar
 13022 | Orc:1    | Killed Fannar
 13053 | Orc:1    | Noticed Maurice
 13072 | Orc:1    | Killed Maurice
 13200 | Orc:2    | Received a gift from Yredelemnul (a phantasmal warrior)
 13361 | Orc:2    | Received a gift from Yredelemnul (4 flying skulls)
 13464 | Orc:2    | Received a gift from Yredelemnul (a skeletal warrior)
 13603 | Orc:2    | Reached skill level 5 in Hexes
 13861 | Orc:2    | Received a gift from Yredelemnul (a phantasmal warrior)
 13918 | Orc:2    | Found Gume's Antique Weapon Boutique.
 13918 | Orc:2    | Found Micwuz's Jewellery Boutique.
 13919 | Orc:2    | Found Juamnas's Book Shop.
 13919 | Orc:2    | Found Uxe Rownit's Magic Scroll Boutique.
 13931 | Orc:2    | Bought a scroll of blinking for 120 gold pieces
 13931 | Orc:2    | Bought a scroll of blinking for 120 gold pieces
 13931 | Orc:2    | Bought a scroll of identify for 32 gold pieces
 13931 | Orc:2    | Bought a scroll of teleportation for 48 gold pieces
 13931 | Orc:2    | Bought a scroll of fog for 32 gold pieces
 13935 | Orc:2    | Bought a +6 ring of evasion for 1170 gold pieces
 13935 | Orc:2    | Bought a +4 amulet of reflection for 405 gold pieces
 14098 | Orc:2    | Killed twist's ghost
 14115 | Elf:1    | Entered Level 1 of the Elven Halls
 14232 | Elf:1    | Identified Dispater's Disquisition on Calling
 14304 | Elf:1    | Received a gift from Yredelemnul (a skeletal warrior)
 14735 | Elf:2    | Found Gerublack's Gadget Shop.
 14804 | Elf:2    | Found a huge runed gate.
 14804 | Elf:2    | Found a huge runed gate.
 14804 | Elf:2    | Found a huge runed gate.
 14804 | Elf:2    | Found a huge runed gate.
 14806 | Elf:2    | Found a huge runed gate.
 14887 | Elf:2    | Received a gift from Yredelemnul (a flayed ghost)
 14985 | Elf:2    | Reached XP level 15. HP: 75/78 MP: 29/29
 15021 | Elf:2    | Noticed a bone dragon
 15093 | Elf:2    | Found a radiant altar of Vehumet.
 15164 | Elf:2    | Reached skill level 10 in Spellcasting
 15256 | Elf:2    | Reached skill level 20 in Stealth
 15267 | Elf:2    | Received a gift from Yredelemnul (a vampire)
 15390 | Elf:3    | Entered Level 3 of the Elven Halls
 15390 | Elf:3    | Found Catsuxt's Antique Armour Boutique.
 15420 | Elf:3    | Found Boghin's General Store.
 15548 | Elf:3    | Reached skill level 15 in Dodging
 15620 | Elf:3    | Found Visulyr's Armour Boutique.
 15686 | Elf:3    | Found Zext's Jewellery Shop.
 15757 | Elf:3    | Found Hedih's General Store.
 15763 | Elf:3    | Bought a scroll of blinking for 120 gold pieces
 15864 | Elf:3    | Noticed a deep elf sorcerer
 15870 | Elf:3    | Received a gift from Yredelemnul (a vampire)
 15880 | Elf:3    | Killed a deep elf sorcerer
 15932 | Elf:3    | Noticed a deep elf master archer
 15950 | Elf:3    | Killed a deep elf master archer
 15969 | Elf:3    | Noticed a deep elf sorcerer
 15987 | Elf:3    | Noticed a deep elf master archer
 15989 | Elf:3    | Killed a deep elf sorcerer
 15990 | Elf:3    | Received a gift from Yredelemnul (a phantasmal warrior)
 16005 | Elf:3    | Killed a deep elf master archer
 16171 | Elf:3    | Killed from afar by a deep elf annihilator

Vault maps used:
D:1:      ebering_hopf_link, minmay_lizard_pond
D:2:      minmay_pentomino_w2
D:3:      chequers_ecumenical_altar_grove
D:4:      serial_shops, kennysheep_mini_moat, nicolae_shop_crystal,
          nicolae_shop_waterfront, first_ration, hex_tiny, elyvilon_altar_3
D:5:      hex_intersection, hangedman_abyss_or_decor_stagger
D:6:      tso_oasis_becter, serial_shops, nicolae_shop_statue_plus
D:7:      minmay_temple_entry_statues_fountains, uniq_crazy_yiuf_cottage,
          uniq_menkaure
D:8:      ebering_ghost_gozag, uniq_psyche
D:9:      hangedman_cross_cluster, uniq_pikel
D:10:     nicolae_looking_at_the_future
D:11:     orc_0_dummy, serial_undead, serial_undead_a, serial_undead_c,
          serial_undead_d, serial_undead_a, serial_undead_e, serial_undead_f,
          serial_undead_e, serial_undead_d, serial_undead_b, serial_undead_f
D:12:     grunt_tengu_nest, bloody_makhleb
Temple:   roderic_octagonal_lattice_temple
Lair:1:   serial_bayou_shore_a, grunt_megastairs_4, lemuel_fruit_fields
Lair:2:   regret_index_wax_grids, hellmonk_ghost_happy_afterlife, uniq_harold,
          uniq_prince_ribbit2, uniq_nergalle
Lair:3:   minmay_swamp_entry_worms, dummy_snake_entry, uniq_sonja
Lair:4:   lemuel_fruit_fields, grunt_megastairs_5
Lair:5:   nicolae_slime_entry_slimehenge,
          portal_ice_cave_entry_animals_and_master, grunt_megastairs_3,
          minmay_lair_oklob_chamber, lemuel_fruit_tree
Lair:6:   evilmike_catoblepas_cave, enter_volcano_1, serial_bayou_pond_b,
          grunt_megastairs_2
Orc:1:    uniq_maurice, uniq_fannar
Orc:2:    st_orc_pillars, ebering_ghost_rock_garden, special_room, bloody_trog
Elf:1:    minmay_elf_demonology
Elf:2:    basic_altar, serial_shops, nicolae_shop_waterfront,
          serial_sigils_hangedman_gut, nicolae_elf_glass_and_crystal_pillar_1,
          hangedman_research_thanatology
Elf:3:    minmay_elf_hall_hex, serial_shops, shop, nicolae_shop_trees,
          nicolae_shop_stone, nicolae_shop_behind_doors, nicolae_shop_crystal,
          grunt_ministairs_8
IceCv:    ice_cave_tombish
Volcano:  volcano_pools

Skill      XL: |  1  2  3  4  5  6  7  8  9 10 11 12 13 14 15 |
---------------+----------------------------------------------+-----
Stealth        | 4 5 6 7 8 10 11 12 14 16 17 18 19 20 | 20.7
Dodging        | 5 6 7 8 9 10 11 13 14 15 | 15.7
Short Blades   | 4 5 6 7 8 9 10 | 10.0
Spellcasting   | 1 3 4 5 7 8 9 11 | 11.3
Transmutations | 2 |  2.0
Evocations     | 3 6 8 |  8.4
Fighting       | 3 4 5 7 8 9 |  9.9
Necromancy     | 1 2 |  2.0
Translocations | 2 3 |  3.1
Invocations    | 3 7 10 | 10.3
Hexes          | 1 7 8 |  8.0

Action                   |  1- 3 |  4- 6 |  7- 9 | 10-12 | 13-15 || total
-------------------------+-------+-------+-------+-------+-------++-------
Melee: Short sword       |   123 |   143 |    14 |       |       ||   280
       Dagger            |       |     3 |   225 |   639 |  1029 ||  1896
 Fire: Hunting sling     |    15 |    16 |    45 |       |       ||    76
       Blowgun           |       |    36 |       |       |       ||    36
Throw: Stone             |       |     1 |       |       |       ||     1
 Cast: Animate Skeleton  |       |       |     3 |     3 |    48 ||    54
       Sticks to Snakes  |       |       |     3 |     5 |       ||     8
       Blink             |       |       |       |     2 |     2 ||     4
       Apportation       |       |       |       |       |    40 ||    40
       Confuse           |       |       |       |       |    17 ||    17
       Summon Butterflie |       |       |       |       |     2 ||     2
Invok: Recall Undead Sla |       |       |       |     6 |    51 ||    57
       Animate Dead      |       |       |       |     2 |    10 ||    12
       Drain Life        |       |       |       |       |     6 ||     6
Evoke: Wand              |       |     2 |    33 |    24 |    65 ||   124
       Lamp of fire      |       |       |       |     1 |     4 ||     5
  Use: Potion            |       |     1 |     1 |     1 |     1 ||     4
       Scroll            |       |     4 |     5 |    12 |    12 ||    33
 Stab: Sleeping          |     9 |     7 |    18 |    44 |    38 ||   116
       Distracted        |     1 |       |     1 |    13 |    26 ||    41
       Paralysed         |       |       |     6 |     8 |       ||    14
       Confused          |       |       |     4 |     1 |     5 ||    10
       Petrified         |       |       |       |     1 |     1 ||     2
  Eat: Ration            |       |       |     1 |     2 |     8 ||    11
Armor: Robe              |    18 |    14 |     7 |     2 |       ||    41
       Troll leather arm |       |       |       |    32 |    36 ||    68
Dodge: Dodged            |   101 |   131 |   172 |   494 |   629 ||  1527
Block: Other             |       |       |       |       |    16 ||    16
       Reflection        |       |       |       |       |     2 ||     2

Table legend:
 A = Spawn XP
 B = Non-spawn XP
 C = Spawn XP percentage of total XP
 D = Spawn monster count
 E = Non-spawn monster count
 F = Spawn count percentage of total count
 G = Total turns spent on level
                    A         B        C        D         E        F      G
               +---------+---------+-------+---------+---------+-------+---------
         Total |       0 |  139459 |   0.0 |       0 |     705 |   0.0 | 16171
               +---------+---------+-------+---------+---------+-------+---------
           D:1 |       0 |      27 |   0.0 |       0 |      18 |   0.0 |   356
           D:2 |       0 |      34 |   0.0 |       0 |      12 |   0.0 |   362
           D:3 |       0 |      48 |   0.0 |       0 |      12 |   0.0 |   392
           D:4 |       0 |     484 |   0.0 |       0 |      12 |   0.0 |   860
           D:5 |       0 |     273 |   0.0 |       0 |      15 |   0.0 |   785
           D:6 |       0 |     705 |   0.0 |       0 |      19 |   0.0 |   604
           D:7 |       0 |     755 |   0.0 |       0 |      17 |   0.0 |  1015
           D:8 |       0 |    2585 |   0.0 |       0 |      29 |   0.0 |   953
           D:9 |       0 |    6095 |   0.0 |       0 |      47 |   0.0 |  1144
          D:10 |       0 |    3273 |   0.0 |       0 |      25 |   0.0 |   603
          D:11 |       0 |    4417 |   0.0 |       0 |      55 |   0.0 |   760
          D:12 |       0 |    5835 |   0.0 |       0 |      22 |   0.0 |   570
        Lair:1 |       0 |    2424 |   0.0 |       0 |      22 |   0.0 |   395
        Lair:2 |       0 |    9833 |   0.0 |       0 |      63 |   0.0 |   761
        Lair:3 |       0 |    1634 |   0.0 |       0 |       8 |   0.0 |   377
        Lair:4 |       0 |    3372 |   0.0 |       0 |      11 |   0.0 |   382
        Lair:5 |       0 |    8614 |   0.0 |       0 |      41 |   0.0 |   974
        Lair:6 |       0 |   19274 |   0.0 |       0 |      68 |   0.0 |  1015
         Orc:1 |       0 |    4322 |   0.0 |       0 |      23 |   0.0 |   490
         Orc:2 |       0 |    7419 |   0.0 |       0 |      81 |   0.0 |   835
         Elf:1 |       0 |   12147 |   0.0 |       0 |      27 |   0.0 |   675
         Elf:2 |       0 |   15985 |   0.0 |       0 |      41 |   0.0 |   600
         Elf:3 |       0 |   24634 |   0.0 |       0 |      31 |   0.0 |   781
       Volcano |       0 |    5270 |   0.0 |       0 |       6 |   0.0 |   152
               +---------+---------+-------+---------+---------+-------+---------
